 Dungeon Crawl Stone Soup version 0.21-a0-531-gacddea6 (webtiles) character file.

120138 Amnesiac the Geomancer (level 16, -7/88 HPs)
             Began as a Deep Elf Earth Elementalist on Dec 13, 2017.
             Was the Champion of Sif Muna.
             Mangled by a bone dragon (11 damage)
             ... on level 2 of the Abyss.
             The game lasted 01:05:49 (21818 turns).

Amnesiac the Geomancer (DEEE)                      Turns: 21818, Time: 01:05:50

Health: -7/88      AC: 10    Str:  5    XL:     16   Next: 29%
Magic:  0/44       EV: 18    Int: 32    God:    Sif Muna [******]
Gold:   1506       SH:  5    Dex: 17    Spells: 2/42 levels left

rFire    . . .     SeeInvis .   b - +4 dagger (elec)
rCold    . . .     Gourm    .   E - +0 buckler
rNeg     . . .     Faith    .   V - +2 robe {Archmagi}
rPois    .         Spirit   +   (no helmet)
rElec    .         Reflect  .   S - +0 cloak
rCorr    .         Harm     .   x - +0 pair of gloves
MR       +....                  m - +0 pair of boots
Stlth    ++++......             R - amulet of guardian spirit
HPRegen  0.64/turn              T - +2 ring of evasion
MPRegen  0.29/turn              k - ring of magical power

@: no casting
A: icy blue scales 1, agile 1, blink, clever 2, deterioration 1, regeneration 1,
shaggy fur 1, wild magic 1, evolution 1
a: Blink, Stop Divine Energy, Channel Magic, Forget Spell, Renounce Religion


You were on level 2 of the Abyss.
You worshipped Sif Muna.
Sif Muna was exalted by your worship.
You were full.

You visited 4 branches of the dungeon, and saw 18 of its levels.
You visited the Abyss 1 time.
You also visited: Wizlab.

You collected 1746 gold pieces.
You spent 240 gold pieces at shops.

Inventory:

Hand Weapons
 b - a +4 dagger of electrocution (weapon)
Missiles
 i - 4 poisoned needles
 J - 13 curare-tipped needles
 P - 3 needles of sleeping
 Y - 806 stones (quivered)
Armour
 m - a +0 pair of boots (worn)
 x - a +0 pair of gloves (worn)
 E - a +0 buckler (worn)
 F - a +2 leather armour of cold resistance
 S - a +0 cloak (worn)
 V - a +2 robe of the Archmagi (worn)
Magical Staves
 a - an uncursed staff of fire
 y - an uncursed staff of air
Jewellery
 c - an uncursed ring of protection from fire
 f - an uncursed ring of protection from magic
 h - an uncursed amulet of faith {unknown}
 k - a ring of magical power (right hand)
 p - a +4 ring of slaying
 q - an uncursed ring of resist corrosion
 R - an amulet of guardian spirit (around neck)
 T - a +2 ring of evasion (left hand)
Wands
 e - a wand of random effects (40)
 B - a wand of scattershot (3)
 G - a wand of paralysis (23)
 I - a wand of flame (93)
 K - a wand of acid (17)
 O - a wand of iceblast (9)
 W - a wand of digging (10)
Scrolls
 o - 4 scrolls of vulnerability {!r, unknown}
 t - 3 scrolls of fog {!r}
 v - 5 scrolls of teleportation {!r}
 z - 8 scrolls of remove curse {!r}
 A - a scroll of blinking {!r}
 C - a scroll of torment {!r, unknown}
 H - 3 scrolls of enchant armour {!r}
 Q - a scroll of brand weapon {!r, unknown}
 X - a scroll of holy word {!r}
Potions
 g - 4 potions of brilliance {!q}
 j - a potion of magic {!q}
 l - 6 potions of curing {!q}
 n - 6 potions of might {!q}
 r - 3 potions of haste {!q}
 u - 3 potions of flight {!q}
 w - 2 potions of berserk rage {!q}
 L - a potion of lignification {!q}
 M - a potion of invisibility {!q}
 N - a potion of agility {!q}
 U - a potion of cancellation {!q}
Books
 s - Sif Muna's Reference Book on Flames and Necromancy
   (Sif Muna gifted it to you on level 2 of the Elven Halls)

   Spells                             Type                      Level
   a - Flame Tongue                   Conjuration/Fire             1
   b - Control Undead                 Necromancy                   4
   c - Dispel Undead                  Necromancy                   5
   d - Ignition                       Fire                         8
 Z - a book of the Tempests

   Spells                             Type                      Level
   a - Static Discharge               Conjuration/Air              3
   b - Lightning Bolt                 Conjuration/Air              5
   c - Ignition                       Fire                         8
   d - Tornado                        Air                          9
   e - Shatter                        Earth                        9
Comestibles
 d - 10 bread rations
 D - 2 meat rations


   Skills:
 - Level 6.0 Fighting
 - Level 8.0 Short Blades
 - Level 6.0 Dodging
 - Level 9.0 Stealth
 - Level 4.3 Shields
 + Level 13.7 Spellcasting
 - Level 14.1 Conjurations
 - Level 4.0 Transmutations
 - Level 14.0 Fire Magic
 * Level 14.3 Earth Magic
 - Level 8.0 Invocations


You had 2 spell levels left.
You knew the following spells:

 Your Spells              Type           Power        Failure   Level  Hunger
a - Bolt of Magma         Conj/Fire/Erth ########..   1%          5    None
b - Passwall              Tmut/Erth      ########..   1%          2    None
c - Summon Butterflies    Summ           #####...     3%          1    None
d - Lee's Rapid Deconstr  Erth           ########..   1%          5    None
e - Petrify               Tmut/Erth      ########     1%          4    None
f - Irradiate             Conj/Tmut      ########..   2%          5    None
g - Sandblast             Erth           ######       1%          1    None
h - Deflect Missiles      Chrm/Air       #####.....   98%         6    ###....
i - Shatter               Erth           ########..   99%         9    #######
v - Blink                 Tloc           N/A          5%          2    None


Dungeon Overview and Level Annotations

Branches:
Dungeon (12/15)            Temple (1/1) D:6            Lair (0/6) D:8
    Orc (2/2) D:12            Elf (3/3) Orc:2

Altars:
Ashenzari
Cheibriados
Dithmenos
Elyvilon
Fedhas
Gozag
Hepliaklqana
Kikubaaqudgha
Makhleb
Nemelex Xobeh
Okawaru
Qazlal
Ru
Sif Muna
Trog
Uskayaw
Vehumet
Wu Jian
Xom
Yredelemnul
Zin
The Shining One
Jiyva

Shops:
Orc:1 *(   Orc:2 *}*!   Elf:1 *

Annotations:
Elf:2 4 runed doors, exclusion: 4 doors


Innate Abilities, Weirdness & Mutations

You are partially covered in icy blue scales. (AC +2)
You are agile. (Dex +2)
You can translocate small distances at will.
Your mind is very acute. (Int +4)
Your body sometimes deteriorates upon taking damage.
Your natural rate of healing is unusually fast.
You are covered in fur. (AC +1)
Your spells are a little harder to cast, but a little more powerful.
You evolve.


Message History

Unknown command.
Casting: Lee's Rapid Deconstruction
Confirm with . or Enter, or press ? or * to list all spells.
Aiming: Lee's Rapid Deconstruction
Press: ? - help, Dir - move target cursor You feel a surge of power!
The crystal wall shatters!
Sif Muna accepts your kill.
You feel a bit more experienced.
The blast of crystal shards hits the starcursed mass.
You destroy the starcursed mass!
Sif Muna accepts your kill. x2
You feel a bit more experienced.
Unknown command.
You start resting.
A vampire comes into view.
Casting: Lee's Rapid Deconstruction
Confirm with . or Enter, or press ? or * to list all spells.
Aiming: Bolt of Magma
Press: ? - help, Shift-Dir - straight line You feel a surge of power!
The bolt of magma hits the vampire.
The vampire is moderately damaged.
Sif Muna grants you divine energy.
You briefly lose access to your magic!
The vampire mumbles some strange words.
The vampire flickers and vanishes!
Deactivating autopickup; reactivate with Ctrl-A.
Unknown command.
A hellion comes into view.
A bone dragon comes into view.
You regain access to your magic.
The hellion gestures at you.
The sphere of damnation explodes!
The damnation engulfs you!
* * * LOW HITPOINT WARNING * * *
Okay, then.
Really quaff
l - 7 potions of curing {!q}?
You feel better. Something hits you but does no damage.
Something barely misses you.
Casting: Bolt of Magma
Confirm with . or Enter, or press ? or * to list all spells.
Aiming: Bolt of Magma
Press: ? - help, Shift-Dir - straight line, f - bone dragon
Aim: a bone dragon You feel a surge of power!
The bolt of magma hits the hellion.
You kill the hellion!
Sif Muna accepts your kill.
The bolt of magma hits the bone dragon.
The bone dragon partially resists.
The bone dragon is lightly damaged.
Sif Muna grants you divine energy.
You briefly lose access to your magic!
Something hits you but does no damage. Something closely misses you.
Unknown command.
The bone dragon bites you.
* * * LOW HITPOINT WARNING * * *
The bone dragon claws you.
* * * LOW HITPOINT WARNING * * *
The bone dragon closely misses you. Something hits you.
* * * LOW HITPOINT WARNING * * *
Something bites you.
* * * LOW HITPOINT WARNING * * *
Something draws strength from your injuries!
The bone dragon bites you!!
* * * LOW HITPOINT WARNING * * *
The bone dragon claws you!
You die...

. # .#. #.# #
. # ##.# . .
.#..## # # .
# ##.#..####.
#..# #.#..# .
. # . .#.#
#.@D### .
#....#.#.# #
. ## ##{.# .
. . # #..
##.#### ###
.. # . #.# .
#.##...#.# ##
# ....
#..X.ยงยง..##
.# . # ..##
.####. . # .
#....... # .
.. # #


You could see a bone dragon.

Vanquished Creatures
  2 deep elf blademasters (Elf:3)
  A deep elf master archer (Elf:3)
  An orc warlord (Orc:1)
  2 deep elf sorcerers
  A deep elf elementalist (Elf:3)
  2 deep elf demonologists
  3 deep elf annihilators
  9 purple draconians (WizLab)
  4 deep elf death magi
  9 statues (WizLab)
  6 two-headed ogres
  25 dancing weapons
  7 orc high priests
  A large abomination (Abyss:2)
  Sonja (D:10)
  13 deep elf knights
  A sixfirhy (Abyss:2)
  A spatial maelstrom (Abyss:2)
  3 starcursed masses (Abyss:2)
  Pikel (D:9)
  7 deep elf archers
  9 orc knights
  57 deep elf magi
  A worldbinder (Abyss:2)
  3 orc sorcerers
  A hellion (Abyss:2)
  An ancient zyme (Abyss:2)
  5 trolls
  2 hornets (D:10)
  2 hippogriffs
  A raiju (Abyss:2)
  Grinder (D:3)
  A snapping turtle (shapeshifter) (Elf:1)
  2 air elementals
  A shadow (Abyss:2)
  8 redbacks (Elf:2)
  Eustachio (D:6)
  A water elemental (Elf:1)
  3 wyverns
  A human (D:8)
  2 fire elementals
  4 hogs (D:8)
  11 yaks
  4 hungry ghosts
  2 spatial vortices (Abyss:2)
  A soldier ant (D:10)
  2 wargs
  A porcupine (D:8)
  47 orc warriors
  6 sky beasts
  3 eyes of draining
  An ice beast (D:10)
  6 black bears
  A necrophage (D:12)
  2 phantoms (D:6)
  A tengu (shapeshifter) (Elf:3)
  4 centaurs
  10 ogres
  A crocodile (D:8)
  3 big kobolds
  7 bullfrogs
  3 earth elementals
  11 scorpions
  16 killer bees
  4 howler monkeys
  4 crimson imps
  A centaur zombie (D:12)
  A bullfrog zombie (D:5)
  7 hounds
  6 jellies
  2 bullfrog skeletons
  34 orc priests
  23 orc wizards
  Jessica (D:3)
  A centaur skeleton (D:10)
  2 iguanas
  Natasha (twice) (D:3)
  9 worker ants
  2 killer bee zombies
  2 small abominations (Abyss:2)
  A hound zombie (D:9)
  A howler monkey skeleton (D:10)
  3 worker ant zombies
  4 gnolls (D:5)
  10 adders
  9 river rats (D:5)
  4 shadow imps
  3 oozes
  2 adder skeletons
  4 worms
  2 dart slugs
  6 leopard geckos
  93 orcs
  5 ball pythons
  3 giant cockroaches
  2 goblins
  5 hobgoblins
  8 jackals
  10 quokkas
  7 bats
  3 frilled lizards
  A jackal zombie (D:6)
  14 kobolds
  A leopard gecko skeleton (D:4)
  24 rats
  A fire vortex (Orc:1)
677 creatures vanquished.

Vanquished Creatures (others)
  A dancing weapon (Elf:2)
  A slave (D:9)
  An iguana (D:9)
  A quokka (D:11)
  A kobold (D:8)
  36 fungi
  13 plants (D:8)
54 creatures vanquished.

Grand Total: 731 creatures vanquished

Notes
Turn   | Place    | Note
-------+----------+-------------------------------------------
     0 | D:1      | Amnesiac the Deep Elf Earth Elementalist began the quest for the Orb.
     0 | D:1      | Reached XP level 1. HP: 10/10 MP: 6/6
    88 | D:1      | Reached skill level 1 in Fighting
   245 | D:1      | Reached XP level 2. HP: 16/16 MP: 4/8
   671 | D:2      | Learned a level 2 spell: Passwall
   806 | D:2      | Reached XP level 3. HP: 22/22 MP: 9/9
   886 | D:2      | Learned a level 3 spell: Stone Arrow
  1259 | D:3      | Noticed Grinder
  1546 | D:3      | Noticed Natasha
  1547 | D:3      | Killed Natasha
  1547 | D:3      | Reached XP level 4. HP: 27/27 MP: 8/10
  1707 | D:3      | Noticed Jessica
  1712 | D:3      | Killed Jessica
  1942 | D:3      | Noticed Natasha
  1947 | D:3      | Killed Natasha
  1947 | D:3      | Reached XP level 5. HP: 32/32 MP: 8/12
  1992 | D:3      | Killed Grinder
  1992 | D:3      | Reached skill level 1 in Short Blades
  1992 | D:3      | Reached skill level 1 in Conjurations
  1992 | D:3      | Reached XP level 6. HP: 37/37 MP: 9/13
  2057 | D:4      | Learned a level 4 spell: Petrify
  2662 | D:5      | Entered Level 5 of the Dungeon
  2987 | D:5      | Noticed a sky beast
  3007 | D:5      | Killed a sky beast
  3007 | D:5      | Reached XP level 7. HP: 25/42 MP: 15/15
  3028 | D:5      | Gained mutation: You are somewhat resistant to further mutation. [mutagenic meat]
  3030 | D:5      | Gained mutation: You have large cloven feet. [mutagenic meat]
  3354 | D:5      | Found a hide-covered altar of Uskayaw.
  3488 | D:5      | Gained mutation: You are partially covered in rugged brown scales. (AC +1, +3% HP) [mutagenic meat]
  3511 | D:5      | Reached XP level 8. HP: 44/49 MP: 14/16
  3951 | D:5      | Learned a level 5 spell: Lee's Rapid Deconstruction
  4097 | D:5      | Reached skill level 1 in Shields
  4419 | D:6      | Found a staircase to the Ecumenical Temple.
  4429 | Temple   | Entered the Ecumenical Temple
  4692 | Temple   | Became a worshipper of Sif Muna the Loreminder
  4717 | D:6      | Found a sparkling altar of Nemelex Xobeh.
  4743 | D:6      | Noticed a two-headed ogre
  4838 | D:6      | Killed a two-headed ogre
  4838 | D:6      | Reached XP level 9. HP: 20/53 MP: 3/17
  5129 | D:6      | Noticed Eustachio
  5205 | D:6      | Killed Eustachio
  5329 | D:6      | Reached * piety under Sif Muna
  5329 | D:6      | Reached skill level 5 in Conjurations
  5329 | D:6      | Reached skill level 5 in Earth Magic
  5700 | D:7      | Reached skill level 5 in Spellcasting
  5716 | D:7      | Lost mutation: You have large cloven feet. [potion of mutation]
  5716 | D:7      | Lost mutation: You are somewhat resistant to further mutation. [potion of mutation]
  5716 | D:7      | Gained mutation: You are partially covered in iridescent scales. (AC +2) [potion of mutation]
  5716 | D:7      | Gained mutation: You are partially covered in icy blue scales. (AC +2) [potion of mutation]
  5716 | D:7      | Gained mutation: You are frail. (-10% HP) [potion of mutation]
  5716 | D:7      | Gained mutation: Your mind is acute. (Int +2) [potion of mutation]
  5951 | D:7      | Gained mutation: Potions are less effective at restoring your health. [mutagenic meat]
  5952 | D:7      | Lost mutation: You are frail. (-10% HP) [mutagenic meat]
  5953 | D:7      | Gained mutation: Your natural rate of healing is unusually fast. [mutagenic meat]
  5954 | D:7      | Lost mutation: You are partially covered in iridescent scales. (AC +2) [mutagenic meat]
  5955 | D:7      | Gained mutation: Your magical capacity is low. (-10% MP) [mutagenic meat]
  5956 | D:7      | Gained mutation: Your body sometimes deteriorates upon taking damage. [mutagenic meat]
  5957 | D:7      | Lost mutation: You are partially covered in rugged brown scales. (AC +1, +3% HP) [potion of mutation]
  5957 | D:7      | Lost mutation: Your body sometimes deteriorates upon taking damage. [potion of mutation]
  5957 | D:7      | Gained mutation: You have a pair of small horns on your head. [potion of mutation]
  5957 | D:7      | Gained mutation: You are robust. (+10% HP) [potion of mutation]
  6284 | D:8      | Reached ** piety under Sif Muna
  6288 | D:8      | Noticed a two-headed ogre
  6318 | D:8      | Found a staircase to the Lair.
  6538 | D:9      | Reached XP level 10. HP: 63/63 MP: 17/19
  6595 | D:9      | Lost mutation: You are robust. (+10% HP) [mutagenic meat]
  6613 | D:9      | Reached skill level 5 in Short Blades
  6715 | D:9      | Reached skill level 5 in Stealth
  6860 | D:9      | Found a sacrificial altar of Ru.
  6860 | D:9      | Found an ornate altar of the Wu Jian Council.
  6913 | D:9      | Noticed Pikel
  6920 | D:9      | Noticed a two-headed ogre
  6920 | D:9      | Killed Pikel
  7048 | D:9      | Lost mutation: Your magical capacity is low. (-10% MP) [potion of mutation]
  7048 | D:9      | Lost mutation: You have a pair of small horns on your head. [potion of mutation]
  7048 | D:9      | Lost mutation: Potions are less effective at restoring your health. [potion of mutation]
  7048 | D:9      | Gained mutation: You are covered in fur. (AC +1) [potion of mutation]
  7048 | D:9      | Gained mutation: You are agile. (Dex +2) [potion of mutation]
  7048 | D:9      | Gained mutation: You can translocate small distances at will. [potion of mutation]
  7196 | D:8      | Noticed a two-headed ogre
  7214 | D:8      | Killed a two-headed ogre
  7214 | D:8      | Reached skill level 5 in Fighting
  7214 | D:8      | Reached skill level 5 in Dodging
  7277 | D:8      | Found a viscous altar of Jiyva.
  7418 | D:8      | Noticed a two-headed ogre
  7434 | D:8      | Killed a two-headed ogre
  7518 | D:8      | Killed a two-headed ogre
  7518 | D:8      | Reached XP level 11. HP: 64/64 MP: 8/22
  7889 | D:8      | Reached *** piety under Sif Muna
  7913 | D:8      | Killed a two-headed ogre
  9027 | D:10     | Entered Level 10 of the Dungeon
  9109 | D:10     | Noticed Sonja
  9118 | D:10     | Killed Sonja
  9364 | D:10     | Reached **** piety under Sif Muna
  9907 | D:11     | Learned a level 2 spell: Blink
 10170 | D:11     | Found a white marble altar of Elyvilon.
 10460 | D:12     | Gained mutation: You evolve. [mutagenic meat]
 10542 | D:12     | Reached XP level 12. HP: 35/70 MP: 0/26
 10545 | D:12     | Found a staircase to the Orcish Mines.
 10562 | D:12     | Reached skill level 10 in Conjurations
 10698 | D:12     | Reached skill level 10 in Earth Magic
 11063 | D:12     | Gained mutation: Your spells are a little harder to cast, but a little more powerful. [evolution]
 11100 | Orc:1    | Entered Level 1 of the Orcish Mines
 11113 | Orc:1    | Found Cifogeuq's General Store.
 11133 | Orc:1    | Bought a scroll of enchant armour for 120 gold pieces
 11478 | Orc:1    | Reached ***** piety under Sif Muna
 11485 | D:12     | Identified Qiun's Grimoire of Conjuration (Sif Muna gifted it to you on level 12 of the Dungeon)
 11485 | D:12     | Received a gift from Sif Muna
 11496 | D:12     | Learned a level 5 spell: Irradiate
 11570 | Orc:1    | Found Dedani's Jewellery Shop.
 11618 | Orc:1    | Noticed an orc warlord
 11643 | Orc:1    | Killed an orc warlord
 11848 | Orc:1    | Found Plog's Weapon Emporium.
 12310 | Orc:2    | Entered Level 2 of the Orcish Mines
 12761 | Orc:2    | Found a staircase to the Elven Halls.
 12763 | Orc:2    | Noticed a two-headed ogre
 12778 | Orc:2    | Killed a two-headed ogre
 13023 | Orc:2    | Noticed an orc high priest
 13027 | Orc:2    | Killed an orc high priest
 13027 | Orc:2    | Reached skill level 10 in Spellcasting
 13295 | Orc:2    | Noticed an orc high priest
 13306 | Orc:2    | Killed an orc high priest
 13365 | Orc:2    | Identified Tumo's Papyrus of Changing and Contamination (Sif Muna gifted it to you on level 2 of the Orcish Mines)
 13365 | Orc:2    | Received a gift from Sif Muna
 13365 | Orc:2    | Reached XP level 13. HP: 39/74 MP: 1/29
 13431 | Orc:2    | Learned a level 5 spell: Bolt of Magma
 14195 | Orc:2    | Reached skill level 1 in Fire Magic
 14632 | Orc:2    | Reached skill level 5 in Fire Magic
 14683 | Orc:2    | Found Nonefihu's General Store.
 14686 | Orc:2    | Found Giyn's General Store.
 14687 | Orc:2    | Found Higotorch's Distillery.
 14688 | Orc:2    | Found Lutsohie's Gadget Emporium.
 14754 | Elf:1    | Entered Level 1 of the Elven Halls
 15101 | Elf:1    | Noticed a deep elf death mage
 15102 | Elf:1    | Killed a deep elf death mage
 15254 | Orc:2    | Learned a level 1 spell: Summon Butterflies
 15455 | Elf:1    | Noticed a deep elf annihilator
 15471 | Elf:1    | Killed a deep elf annihilator
 15624 | Elf:1    | Identified Sif Muna's Reference Book on the Snowflakes and Lightness (Sif Muna gifted it to you on level 1 of the Elven Halls)
 15624 | Elf:1    | Received a gift from Sif Muna
 15727 | Elf:1    | Found Ungoixun's Assorted Antiques.
 15730 | Elf:1    | Bought a twisted gilded ring for 120 gold pieces
 15969 | Elf:1    | Reached skill level 10 in Fire Magic
 16392 | Elf:2    | Noticed a deep elf demonologist
 16395 | Elf:2    | Killed a deep elf demonologist
 16412 | Elf:2    | Learned a level 6 spell: Deflect Missiles
 16512 | Elf:2    | Found a magical portal.
 16542 | WizLab   | Entered Iskenderun's Mystic Tower
 16566 | WizLab   | Reached XP level 14. HP: 80/80 MP: 18/30
 16627 | WizLab   | Gained mutation: Your mind is very acute. (Int +4) [evolution]
 16817 | WizLab   | Reached skill level 1 in Invocations
 17272 | WizLab   | Reached skill level 5 in Invocations
 18436 | WizLab   | Identified Sif Muna's Compendium of Fiery Execration (Sif Muna gifted it to you in a wizard's laboratory)
 18436 | WizLab   | Received a gift from Sif Muna
 18656 | WizLab   | Identified Iskenderun's Papyrus of Confrontation
 18656 | WizLab   | Identified Iskenderun's Papyrus of Confrontation
 18669 | WizLab   | Got a bloodstained lajatang
 18689 | WizLab   | Identified the +6 lajatang of Kissim {venom, Str+5 Int+2} (You found it in a wizard's laboratory)
 18831 | Elf:2    | Reached XP level 15. HP: 69/84 MP: 3/33
 18939 | Elf:2    | Noticed a deep elf sorcerer
 18939 | Elf:2    | Killed a deep elf sorcerer
 19697 | Elf:2    | Found a huge runed gate.
 19698 | Elf:2    | Found a huge runed gate.
 19698 | Elf:2    | Found a huge runed gate.
 19699 | Elf:2    | Found a huge runed gate.
 19701 | Elf:2    | Found a huge runed gate.
 20211 | Elf:2    | Received a gift from Sif Muna
 20544 | Elf:2    | Identified Sif Muna's Reference Book on Flames and Necromancy (Sif Muna gifted it to you on level 2 of the Elven Halls)
 20708 | Elf:3    | Entered Level 3 of the Elven Halls
 20753 | Elf:3    | Noticed a deep elf master archer
 20755 | Elf:3    | Killed a deep elf master archer
 20773 | Elf:3    | Reached ****** piety under Sif Muna
 20776 | Elf:3    | Noticed a deep elf blademaster
 20779 | Elf:3    | Killed a deep elf blademaster
 20867 | Elf:2    | Gained mutation: Your body sometimes deteriorates upon taking damage. [evolution]
 21044 | Elf:3    | Reached XP level 16. HP: 48/88 MP: 17/35
 21377 | Elf:3    | Noticed a deep elf blademaster
 21380 | Elf:3    | Killed a deep elf blademaster
 21528 | Elf:3    | Cast into level 2 of the Abyss (a deep elf demonologist)
 21654 | Abyss:2  | Received a gift from Sif Muna
 21684 | Abyss:2  | Learned a level 9 spell: Shatter
 21813 | Abyss:2  | Noticed a bone dragon
 21818 | Abyss:2  | HP: 4/88 [bone dragon (18)]
 21818 | Abyss:2  | Mangled by a bone dragon

Vault maps used:
D:1:      matt_arrival_los_fun, minmay_split_cup_small
D:3:      first_bread, uniq_natasha, uniq_grinder, uniq_jessica
D:4:      st_stairs_4, kennysheep_generic_room_4
D:5:      lemuel_ratsnest, lemuel_tele_altar
D:6:      minmay_temple_entry_purple_smoke, nemelex_xobeh_ov_fountains_minmay,
          uniq_eustachio
D:8:      kennysheep_ambush_hall, due_lair_maze_entry_diamond, grunt_livestock,
          jiyva_altar_1
D:9:      gammafunk_temple_overflow_elements, uniq_pikel
D:10:     st_stairs_11, uniq_sonja
D:11:     serial_glass, glass_columns_b, glass_columns_b, glass_columns_b,
          glass_columns_b, glass_columns_b, glass_columns_c, elyvilon_altar_4
D:12:     david_orc_3
Temple:   regret_index_temple_chain_breaker
Orc:1:    serial_shops, shop, shop, nicolae_shop_behind_doors,
          nicolae_orc_lava_tube, rock_pile
Orc:2:    st_orc_pillars
Elf:1:    serial_shops, nicolae_shop_behind_doors, hangedman_corner_corridor
Elf:2:    lightli_enter_wizlab_magi_temple, spider_trap,
          serial_sigils_hangedman_shear
Elf:3:    grunt_elf_hall_spiral, minmay_misc_feat_cross, spider_trap
WizLab:   wizlab_iskenderun

Skill      XL: |  1  2  3  4  5  6  7  8  9 10 11 12 13 14 15 16 |
---------------+-------------------------------------------------+-----
Fighting       | 1 2 3 4 5 6 |  6.0
Short Blades   | 1 2 4 6 7 8 |  8.0
Dodging        | 3 4 6 |  6.0
Stealth        | 3 4 8 9 |  9.0
Conjurations   | 1 2 3 4 7 9 11 12 13 14 | 14.1
Transmutations | 2 3 4 |  4.0
Spellcasting   | 4 6 8 10 12 13 | 13.7
Earth Magic    | 4 7 9 11 12 13 14 | 14.3
Shields        | 4 |  4.3
Fire Magic     | 11 12 13 14 | 14.0
Invocations    | 8 |  8.0

Action                   |  1- 3 |  4- 6 |  7- 9 | 10-12 | 13-15 | 16-18 || total
-------------------------+-------+-------+-------+-------+-------+-------++-------
Melee: Short sword       |    38 |    28 |   195 |   363 |       |       ||   624
       Kick              |       |       |    28 |       |       |       ||    28
       Dagger            |       |       |     7 |   178 |    22 |     5 ||   212
       Headbutt          |       |       |     6 |     7 |       |       ||    13
       Staff             |       |       |       |       |     1 |     1 ||     2
 Cast: Sandblast         |    38 |    27 |    75 |    12 |       |       ||   152
       Passwall          |       |     1 |     9 |     9 |     4 |       ||    23
       Petrify           |       |     1 |    32 |   134 |     8 |       ||   175
       Lee's Rapid Decon |       |       |     4 |    69 |   167 |    22 ||   262
       Irradiate         |       |       |       |     1 |     5 |     2 ||     8
       Bolt of Magma     |       |       |       |       |   117 |    23 ||   140
       Stone Arrow       |       |       |       |       |     2 |       ||     2
Invok: Divine Energy     |       |       |     1 |       |       |       ||     1
       Channel Magic     |       |       |       |       |       |     1 ||     1
  Use: Scroll            |     5 |     3 |     9 |     4 |     8 |       ||    29
       Potion            |       |       |     6 |     2 |     6 |     1 ||    15
 Stab: Sleeping          |     1 |     5 |    16 |    20 |       |       ||    42
       Petrified         |       |       |    43 |    85 |     4 |       ||   132
       Petrifying        |       |       |     4 |    23 |     1 |       ||    28
       Invisible         |       |       |       |     2 |       |       ||     2
  Eat: Chunk             |     2 |     3 |    28 |    37 |    27 |     4 ||   101
       Fruit             |       |       |     7 |       |       |       ||     7
       Royal jelly       |       |       |     1 |       |       |       ||     1
       Meat ration       |       |       |       |     1 |     3 |     1 ||     5
Armor: Robe              |     9 |     6 |    24 |    64 |    16 |     7 ||   126
Dodge: Dodged            |    39 |    38 |   165 |   351 |    36 |    15 ||   644
Block: Buckler           |       |       |     9 |   127 |    17 |     3 ||   156

Table legend:
 A = Spawn XP
 B = Non-spawn XP
 C = Spawn XP percentage of total XP
 D = Spawn monster count
 E = Non-spawn monster count
 F = Spawn count percentage of total count
 G = Total turns spent on level
                    A         B        C        D         E        F      G
               +---------+---------+-------+---------+---------+-------+---------
         Total |    4593 |  167034 |   2.7 |      12 |     663 |   1.8 | 21818
               +---------+---------+-------+---------+---------+-------+---------
           D:1 |       0 |      23 |   0.0 |       0 |      15 |   0.0 |   481
           D:2 |       0 |      55 |   0.0 |       0 |      20 |   0.0 |   732
           D:3 |       0 |     386 |   0.0 |       0 |      12 |   0.0 |   811
           D:4 |       0 |     149 |   0.0 |       0 |      12 |   0.0 |   894
           D:5 |       0 |    1166 |   0.0 |       0 |      58 |   0.0 |  1448
           D:6 |       0 |    1822 |   0.0 |       0 |      20 |   0.0 |   876
           D:7 |       0 |     936 |   0.0 |       0 |      23 |   0.0 |   722
           D:8 |       0 |    7384 |   0.0 |       0 |      59 |   0.0 |  1990
           D:9 |       0 |    3377 |   0.0 |       0 |      22 |   0.0 |   800
          D:10 |       0 |    3336 |   0.0 |       0 |      35 |   0.0 |   742
          D:11 |       0 |    2091 |   0.0 |       0 |      25 |   0.0 |   625
          D:12 |       0 |    3233 |   0.0 |       0 |      35 |   0.0 |  1055
        Temple |       0 |     162 |   0.0 |       0 |       2 |   0.0 |   273
         Orc:1 |       0 |    5420 |   0.0 |       0 |      45 |   0.0 |   997
         Orc:2 |       0 |   16540 |   0.0 |       0 |     118 |   0.0 |  2485
         Elf:1 |       0 |   13167 |   0.0 |       0 |      21 |   0.0 |  1453
         Elf:2 |       0 |   49373 |   0.0 |       0 |      77 |   0.0 |  2262
         Elf:3 |       0 |   24071 |   0.0 |       0 |      22 |   0.0 |   670
       Abyss:2 |    4593 |     898 |  83.6 |      12 |       2 |  85.7 |   290
        WizLab |       0 |   33445 |   0.0 |       0 |      40 |   0.0 |  2212
               +---------+---------+-------+---------+---------+-------+---------
